Map: Site Delta LE

Players

cyan - Winner!

  • Race: Protoss Protoss
  • League: Master
  • Spawn Location: 5:00

DnS

  • Race: Protoss Protoss
  • Spawn Location: 11:00

VOD

Have the link to the VOD?

Description

Time

  • Played on: Dec. 28, 2023, 10:39 a.m.
  • Length: 12:01
Show
View Real Time Build Order
Export as new Build Order

cyan Protoss - Winner!

Build Orders: 1 Gate Expand 

Get SALT Encoding   

  12  0:00  Probe  
  13  0:12  Probe  
  14  0:17  Pylon  
  14  0:24  Probe  
  15  0:36  Probe  
  15  0:37  Gateway  
  16  0:49  Probe  
  18  1:08  Nexus  
  17  1:13  Probe  
  17  1:16  Assimilator  
  18  1:27  Cybernetics Core  
  18  1:29  Probe  
  19  1:37  Zealot  
  21  1:42  Probe  
  22  1:49  Pylon  
  22  1:54  Probe  
  23  1:57  Assimilator  
  23  2:04  Warp Gate (Chrono Boost)  
  23  2:05  Adept (Chrono Boost)  
  25  2:09  Probe  
  26  2:19  Stalker (Chrono Boost)  
  26  2:21  Probe (Chrono Boost)  
  28  2:25  Probe (Chrono Boost)  
  30  2:32  Probe (Chrono Boost)  
  30  2:36  Probe (Chrono Boost)  
  32  2:37  Probe (Chrono Boost)  
  33  2:45  Probe  
  33  2:48  Pylon  
  33  2:49  Probe  
  35  2:58  Pylon, Probe  
  36  3:02  Probe  
  35  3:08  Gateway  
  35  3:10  Probe  
  34  3:13  Stalker (Chrono Boost)  
  34  3:14  Probe  
  34  3:19  Shield Battery  
  36  3:22  Probe (Chrono Boost)  
  37  3:27  Shield Battery  
  37  3:28  Probe (Chrono Boost)  
  38  3:36  Twilight Council  
  38  3:39  Probe (Chrono Boost)  
  38  3:40  Probe (Chrono Boost)  
  40  3:46  Stalker, Probe x2 (Chrono Boost)  
  44  3:54  Pylon  
  43  3:57  Probe  
  43  3:59  Shield Battery  
  42  4:04  Stalker  
  42  4:05  Probe  
  42  4:09  Probe  
  46  4:10  Blink (Chrono Boost)  
  46  4:17  Probe  
  46  4:21  Probe  
  48  4:25  Stalker  
  48  4:29  Probe  
  50  4:31  Stalker  
  50  4:33  Probe  
  50  4:37  Assimilator  
  53  4:39  Gateway  
  53  4:41  Probe  
  53  4:42  Robotics Facility  
  53  4:45  Probe  
  55  4:47  Pylon  
  55  4:54  Adept  
  55  4:55  Adept  
  59  5:03  Nexus  
  57  5:11  Pylon  
  57  5:15  Stalker x2  
  57  5:16  Probe  
  57  5:17  Probe  
  63  5:29  Probe x2  
  63  5:35  Observer (Chrono Boost)  
  66  5:37  Forge  
  66  5:41  Probe x2  
  66  5:44  Stalker x2  
  66  5:46  Stalker  
  66  5:48  Observer  
  73  5:55  Shield Battery  
  73  5:56  Pylon  
  73  5:57  Pylon  
  73  6:03  Protoss Ground Weapons Level 1 (Chrono Boost)  
  72  6:13  Photon Cannon  
  72  6:14  Stalker, Probe x2  
  72  6:16  Stalker  
  72  6:17  Stalker  
  79  6:19  Probe  
  80  6:26  Probe x2  
  80  6:31  Probe  
  80  6:32  Pylon  
  83  6:37  Pylon  
  83  6:38  Probe x2  
  85  6:43  Probe  
  78  6:47  Stalker x3  
  78  6:50  Probe x2  
  85  6:55  Gateway x2  
  85  6:59  Probe  
  86  7:02  Probe  
  85  7:15  Stalker x3  
  85  7:17  Probe  
  92  7:25  Probe  
  92  7:27  Assimilator  
  93  7:35  Probe  
  93  7:36  Nexus, Probe  
  96  7:37  Pylon  
  96  7:39  Observer  
  96  7:41  Forge  
  96  7:45  Pylon  
  96  7:47  Protoss Ground Weapons Level 2 (Chrono Boost)  
  96  7:50  Stalker x4  
  96  7:51  Stalker  
  106  7:53  Charge (Chrono Boost)  
  106  7:56  Gateway  
  106  7:57  Probe  
  107  7:59  Gateway  
  107  8:03  Probe  
  107  8:04  Gateway  
  107  8:05  Probe  
  109  8:09  Probe  
  110  8:12  Photon Cannon  
  110  8:13  Pylon  
  100  8:27  Stalker x5  
  100  8:29  Protoss Ground Armor Level 1 (Chrono Boost)  
  100  8:32  Probe  
  111  8:35  Gateway  
  111  8:38  Gateway, Photon Cannon  
  111  8:40  Shield Battery  
  111  8:43  Warp Prism (Chrono Boost)  
  113  8:48  Probe  
  113  8:50  Probe x2  
  113  8:52  Probe  
  113  8:55  Photon Cannon  
  117  8:56  Stalker  
  117  8:57  Sentry x2  
  117  9:02  Stalker, Zealot  
  127  9:09  Zealot x3  
  132  9:18  Probe x4  
  133  9:26  Zealot x5  
  133  9:30  Probe  
  145  9:33  Observer  
  145  9:34  Zealot x5  
  155  9:41  Pylon  
  155  9:44  Pylon  
  155  9:46  Protoss Ground Weapons Level 3 (Chrono Boost)  
  151  10:01  Stalker x4  
  151  10:02  Zealot x3  
  151  10:04  Zealot x3  
  131  10:23  Stalker x3  
  131  10:25  Probe  
  131  10:27  Zealot x3  
  142  10:40  Probe  
  142  10:41  Photon Cannon  
  142  10:42  Shield Battery, Probe  
  145  10:44  Observer  
  145  10:46  Zealot x2  
  149  10:50  Dark Shrine  
  149  10:56  Stalker  
  149  10:57  Stalker x4  
  153  10:58  Zealot  
  153  10:59  Zealot x2  
  165  11:08  Nexus  
  165  11:15  Zealot x2  
  163  11:19  Zealot  
  163  11:20  Zealot x2  
  163  11:24  Zealot  
  163  11:25  Zealot  
  161  11:36  Stalker x2  
  161  11:37  Stalker x3  
  161  11:42  Stalker x2  
  161  11:43  Stalker  
Show
View Real Time Build Order
Export as new Build Order

DnS Protoss 

Build Orders: 1 Gate Expand, Oracle Opening 

Get SALT Encoding   

  12  0:00  Probe  
  13  0:12  Probe  
  14  0:18  Pylon  
  14  0:24  Probe  
  15  0:37  Probe (Chrono Boost)  
  15  0:39  Gateway  
  16  0:47  Assimilator, Probe (Chrono Boost)  
  17  0:52  Probe (Chrono Boost)  
  18  1:03  Probe  
  19  1:15  Probe  
  20  1:24  Nexus  
  20  1:34  Cybernetics Core  
  20  1:37  Probe  
  21  1:45  Assimilator  
  21  1:49  Probe  
  21  1:53  Pylon  
  22  2:01  Probe  
  23  2:09  Adept (Chrono Boost)  
  23  2:13  Probe  
  26  2:16  Stargate  
  26  2:25  Probe  
  27  2:31  Stalker (Chrono Boost)  
  27  2:36  Probe  
  30  2:38  Shield Battery  
  30  2:43  Probe  
  31  2:48  Probe  
  32  2:55  Probe  
  33  3:00  Oracle (Chrono Boost), Probe  
  33  3:04  Warp Gate  
  37  3:07  Probe  
  37  3:12  Probe  
  39  3:21  Probe  
  39  3:24  Probe  
  41  3:28  Oracle (Chrono Boost)  
  41  3:33  Probe  
  44  3:37  Probe  
  44  3:40  Gateway  
  45  3:41  Pylon  
  45  3:44  Assimilator  
  45  3:46  Probe  
  46  3:49  Twilight Council  
  46  4:06  Probe x2  
  46  4:08  Gateway  
  45  4:21  Probe  
  45  4:22  Probe  
  47  4:29  Dark Shrine  
  47  4:32  Blink (Chrono Boost)  
  47  4:35  Probe  
  47  4:36  Probe  
  47  4:38  Pylon  
  47  4:39  Gateway  
  47  4:41  Pylon  
  47  4:46  Shield Battery  
  47  4:48  Probe x2  
  49  4:56  Stalker x2  
  53  5:03  Probe x2  
  55  5:10  Stalker, Pylon  
  57  5:18  Nexus, Pylon  
  57  5:20  Pylon  
  57  5:23  Stalker  
  57  5:25  Stalker  
  60  5:34  Stalker  
  61  5:38  Probe  
  61  5:41  Dark Templar  
  64  5:43  Probe  
  65  5:50  Probe  
  65  5:52  Stalker x2  
  65  5:56  Shield Battery  
  70  5:59  Probe  
  70  6:01  Forge  
  70  6:02  Probe  
  72  6:07  Stalker  
  72  6:09  Pylon  
  74  6:11  Probe  
  74  6:14  Probe  
  74  6:16  Stalker x2  
  78  6:23  Robotics Facility  
  78  6:27  Probe x2  
  78  6:28  Pylon  
  78  6:30  Stalker  
  78  6:32  Stalker  
  84  6:35  Probe  
  84  6:37  Protoss Ground Weapons Level 1  
  77  6:48  Probe x2  
  77  6:53  Probe  
  80  6:55  Stalker x3  
  80  6:59  Assimilator  
  80  7:00  Probe x2  
  83  7:15  Probe x2  
  83  7:16  Immortal (Chrono Boost)  
  83  7:19  Charge (Chrono Boost)  
  83  7:20  Probe  
  86  7:26  Gateway  
  86  7:27  Probe x2  
  88  7:30  Gateway  
  88  7:34  Adept x2  
  92  7:39  Gateway  
  92  7:41  Gateway  
  92  7:48  Stalker x2  
  97  7:52  Observer  
  97  7:55  Nexus  
  97  7:57  Pylon  
  97  8:06  Stalker x2, Pylon  
  100  8:15  Stalker x2  
  102  8:24  Warp Prism  
  102  8:26  Probe x3  
  101  8:30  Stalker x3  
  101  8:31  Stalker  
  109  8:34  Photon Cannon  
  109  8:36  Protoss Ground Weapons Level 2 (Chrono Boost)  
  109  8:41  Zealot x4  
  117  8:44  Shield Battery  
  117  8:46  Photon Cannon  
  117  8:48  Pylon  
  117  8:53  Probe x3  
  120  8:56  Stalker x2  
  120  9:00  Pylon  
  124  9:05  Probe  
  124  9:06  Stalker  
  124  9:07  Stalker  
  129  9:18  Probe  
  129  9:23  Stalker x3  
  129  9:24  Stalker x3  
  136  9:30  Gateway x2  
  132  9:35  Photon Cannon  
  132  9:46  Dark Templar  
  132  9:47  Zealot  
  132  9:50  Pylon  
  132  9:53  Zealot x5  
  132  9:54  Zealot  
  132  9:58  Immortal (Chrono Boost)  
  115  10:10  Dark Templar  
  95  10:19  Stalker x5  
  91  10:27  Zealot x3  
  91  10:28  Zealot  
  99  10:33  Stalker x3  
  89  10:39  Warp Prism (Chrono Boost)  
  91  10:43  Nexus  
  91  10:46  Pylon  
  91  10:50  Dark Templar  
  91  10:57  Dark Templar  
  95  10:59  Zealot  
  95  11:00  Zealot x5  
  107  11:08  Probe x3  
  107  11:10  Shield Battery  
  110  11:12  Stalker  
  104  11:20  Probe  
  104  11:23  Zealot x4  
  110  11:32  Dark Templar  
  105  11:39  Zealot x3  
  101  11:40  Zealot x2  
Tags
 
Add a new tag
Caveats
  • Supply blocks, unpowered buildings, or Contaminate may cause inaccurate times.
  • Supply counts are checked every 10 seconds.